 Dungeon Crawl Stone Soup version 0.17.0-9-g801d43b (webtiles) character file.

63 JudasIscariot the Sneak (level 4, -4/27 HPs)
             Began as a Kobold Assassin on Nov 10, 2015.
             Was an Initiate of Trog.
             Slain by a gnoll
             ... wielding a +0 halberd
              (7 damage)
             ... on level 2 of the Dungeon.
             The game lasted 00:06:10 (1239 turns).

JudasIscariot the Sneak (Kobold Assassin)           Turns: 1239, Time: 00:06:10

Health: -4/27      AC:  5    Str:  9    XL:     4   Next: 31%
Magic:  4/4        EV: 20    Int:  9    God:    Trog [......]
Gold:   130        SH:  0    Dex: 25    Spells: 0 memorised, 3 levels left

rFire  . . .     SeeInvis .     h - +0 dagger (venom)
rCold  . . .     Clarity  .     m - +1 leather armour
rNeg   . . .     SustAt   .     (shield restricted)
rPois  .         Gourm    .     (no helmet)
rElec  .         Spirit   .     d - +0 cloak
rCorr  .         Warding  .     (no gloves)
rMut   .         Stasis   .     (no boots)
MR     .....                    (no amulet)
Stlth  +++++.....               (no ring)
                                (no ring)

@: agile, not resistant to hostile enchantments, quite stealthy
A: agile 1, carnivore 3
a: Burn Spellbooks, Renounce Religion


You were on level 2 of the Dungeon.
You worshipped Trog.
Trog was noncommittal.
You were completely stuffed.

You visited 1 branch of the dungeon, and saw 2 of its levels.

You collected 130 gold pieces.

Inventory:

Hand Weapons
 a - a +2 dagger
 b - a +0 blowgun
 h - a +0 dagger of venom (weapon)
Missiles
 e - 18 poisoned needles
 f - 2 curare-tipped needles
Armour
 c - a +0 robe
 d - a +0 cloak (worn)
 m - a +1 leather armour (worn)
Scrolls
 j - a scroll of remove curse
Comestibles
 g - 3 meat rations
 k - 7 chunks of flesh


   Skills:
 * Level 2.4 Fighting
 * Level 2.9 Short Blades
 + Level 2.1 Throwing
 * Level 2.0 Dodging
 * Level 7.1 Stealth


You had 3 spell levels left.
You didn't know any spells.

Dungeon Overview and Level Annotations

Branches:
Dungeon (2/15)

Altars:
Trog


Innate Abilities, Weirdness & Mutations

You are small and have problems with some larger weapons.
You are carnivorous and can eat meat at any time.
You are agile. (Dex +2)


Message History

Trog accepts your kill.
Your Dodging skill increases to level 2!
A goblin comes into view.
The gnoll misses you. The gnoll barely misses you.
The gnoll closely misses you.
You hit the gnoll.
The gnoll is poisoned.
The gnoll is lightly wounded.
The gnoll hits you from afar with a halberd!
* * * LOW HITPOINT WARNING * * *
Drink which item? (? for menu, Esc to quit)
It was a potion of agility.
You feel agile all of a sudden. The gnoll closely misses you.
The gnoll barely misses you.
Read which item? (? for menu, Esc to quit)
As you read the scroll labeled RAZXIOTHAD, it crumbles to dust.
It is a scroll of enchant armour.
Enchant which item? (? for menu, Esc to quit)
Your +0 leather armour glows green for a moment.
The gnoll hits you with a halberd!
You die...

######## #...g..#
#.# ...# #.# #..#
#@# #..# #g# #..
#g# ##.. #g#
.#.##### #.#
.......#########.#
#........†g...##.#
..####.######g...#
.# #.# #..###


You could see 3 gnolls.

Vanquished Creatures
  A gnoll (D:2)
  2 adders (D:2)
  A worm (D:2)
  A giant gecko (D:1)
  2 bats (D:1)
  6 hobgoblins
  2 jackals (D:2)
  6 kobolds
  2 giant cockroaches
  2 giant newts (D:2)
  2 goblins (D:1)
  5 rats
32 creatures vanquished.

Notes
Turn   | Place    | Note
--------------------------------------------------------------
     0 | D:1      | JudasIscariot the Kobold Assassin began the quest for the Orb.
     0 | D:1      | Reached XP level 1. HP: 12/12 MP: 1/1
     6 | D:1      | Noticed a four-headed hydra
     6 | D:1      | Noticed a lindwurm
     7 | D:1      | Noticed a polar bear
     7 | D:1      | Noticed a hound
   197 | D:1      | Reached XP level 2. HP: 11/17 MP: 2/2
   323 | D:1      | Reached skill level 6 in Stealth
   453 | D:1      | Gained mutation: You are agile. (Dex +2) [potion of beneficial mutation]
   932 | D:2      | Reached XP level 3. HP: 21/21 MP: 3/3
   935 | D:2      | Found a bloodstained altar of Trog.
   981 | D:2      | Became a worshipper of Trog the Wrathful
  1075 | D:2      | Reached skill level 7 in Stealth
  1157 | D:2      | Reached XP level 4. HP: 27/27 MP: 4/4
  1239 | D:2      | Slain by a gnoll

Action                   |  1- 3 |  4- 6 || total
-------------------------+-------+-------++-------
Melee: Dagger            |    93 |     8 ||   101
  Use: Potion            |     2 |     1 ||     3
       Scroll            |       |     4 ||     4
 Stab: Sleeping          |     9 |     1 ||    10
  Eat: Chunk             |     9 |       ||     9
